 Dungeon Crawl Stone Soup version 0.17.1-1-g73c8601 (console) character file.

1497 Kloppie the Skirmisher (level 8, -7/71 HPs)
             Began as a Centaur Gladiator on Dec 30, 2015.
             Was a Priest of Okawaru.
             Mangled by an orc warrior
             ... wielding a +0 war axe
              (17 damage)
             ... in a bailey.
             The game lasted 00:13:57 (6606 turns).

Kloppie the Skirmisher (Centaur Gladiator)          Turns: 6606, Time: 00:13:57

Health: -7/71      AC: 10    Str: 17    XL:     8   Next: 51%
Magic:  8/8        EV:  9    Int:  7    God:    Okawaru [***...]
Gold:   86         SH:  0    Dex: 13    Spells: 0 memorised, 7 levels left

rFire  . . .     SeeInvis .     a - +0 trident
rCold  . . .     Clarity  .     i - +0 ring mail
rNeg   . . .     SustAt   +     (no shield)
rPois  .         Gourm    .     c - +0 helmet
rElec  .         Spirit   .     f - +0 cloak
rCorr  .         Warding  .     (no gloves)
rMut   .         Stasis   .     (no barding)
MR     .....                    (no amulet)
Stlth  ..........               F - ring of flight
                                j - ring of sustain attributes

@: very quick, not resistant to hostile enchantments, extremely unstealthy
A: hooves 3, slimy green scales 1, deformed body, speed 2, tough skin 3
a: Heroism, Renounce Religion, Evoke Flight


You were in a bailey.
You worshipped Okawaru.
Okawaru was most pleased with you.
You were not hungry.

You visited 1 branch of the dungeon, and saw 7 of its levels.
You also visited: Bailey.

You collected 218 gold pieces.
You spent 132 gold pieces at shops.

Inventory:

Hand Weapons
 a - a +0 trident (weapon)
 b - the cursed +2 war axe of Courage {chop, rElec Str+2}
   (You found it on level 7 of the Dungeon)

   It inflicts extra damage upon your enemies.
   It affects your strength (+2).
   It insulates you from electricity.
   It has a curse placed upon it.
Missiles
 d - a throwing net (quivered)
Armour
 c - a +0 helmet (worn)
 f - a +0 cloak (worn)
 g - a +0 plate armour
 i - a +0 ring mail (worn)
Jewellery
 j - a ring of sustain attributes (left hand)
 y - an uncursed ring of fire
 A - a +1 ring of evasion {unknown}
 F - a ring of flight (right hand)
Wands
 q - a wand of confusion (40)
 C - a wand of cold (5)
Scrolls
 r - 2 scrolls of enchant weapon {unknown}
 u - 2 scrolls of amnesia {unknown}
 x - a scroll of immolation {unknown}
 z - a scroll of blinking {unknown}
 D - 3 scrolls of teleportation
Potions
 k - 3 potions of curing
 m - 5 potions of heal wounds
 o - 2 potions of degeneration
 p - 2 potions of magic
 s - a potion of ambrosia
 w - 2 potions of lignification
 B - a potion of agility
Comestibles
 e - 6 bread rations
 h - a beef jerky
 l - 9 fruits
 n - 3 meat rations
 v - a slice of pizza


   Skills:
 + Level 6.4 Fighting
 + Level 6.1 Polearms
 - Level 2.1 Throwing
 + Level 4.5 Armour
 - Level 2.1 Dodging


You had 7 spell levels left.
You didn't know any spells.

Dungeon Overview and Level Annotations

Branches:
Dungeon (7/15)             Temple (0/1) D:7

Altars:
Cheibriados
Fedhas
Okawaru
Zin

Shops:
D:4 *

Annotations:
D:5 Clownie's ghost, novice GrNe
D:6 exclusion: oklob plant, Eustachio


Innate Abilities, Weirdness & Mutations

You have hooves in place of feet.
Armour fits poorly on your strangely shaped body.
You cover ground very quickly.
You have extremely tough skin (AC +3).
You are partially covered in slimy green scales (AC +2).


Message History

The orc warrior is lightly wounded.
The orc warrior hits you with a war axe.
The hobgoblin barely misses you.
You closely miss the orc warrior.
The orc warrior is lightly wounded.
The orc warrior hits you with a war axe.
* * * LOW HITPOINT WARNING * * *
The hobgoblin hits you with a hand axe.
* * * LOW HITPOINT WARNING * * *
You hit the orc warrior but do no damage.
Your kick misses the orc warrior.
The orc warrior is lightly wounded.
The orc warrior hits you with a war axe!!
* * * LOW HITPOINT WARNING * * *
The hobgoblin hits you with a hand axe.
* * * LOW HITPOINT WARNING * * *
You closely miss the orc warrior.
The orc warrior is lightly wounded.
The orc warrior hits you with a war axe!
You die...

####### ......####
.........## .........##
....⌠)....# #.......#
###..' #.....######## ..
...K###)g..).#≈≈≈≈≈≈
####K####..#().@o≈≈≈≈≈≈≈≈≈≈
#.....g.####((≈≈≈≈≈≈≈≈≈#
K#...K.o.#K≈≈≈≈≈≈≈..(.###
≈#########≈≈≈≈≈......##
≈≈≈≈≈≈≈≈≈≈≈≈≈.....(.##
#≈≈≈≈≈≈≈≈≈......(.###
#.........((..####
##..∩.(.(..####
##.......###


You could see an orc warrior, a hobgoblin and a kobold.

Vanquished Creatures
  2 orc warriors (Bailey)
  An ice beast (D:7)
  A phantom (D:5)
  An ogre (D:6)
  2 giant frogs
  5 vampire bats (D:6)
  A hound (D:6)
  2 crimson imps
  Crazy Yiuf (D:5)
  A giant frog skeleton (D:5)
  5 jellies (D:6)
  An orc wizard (D:6)
  A worker ant (D:4)
  A hound skeleton (D:5)
  8 adders
  2 gnolls (Bailey)
  14 oozes
  3 worms
  An adder skeleton (D:5)
  5 giant geckos
  8 orcs
  7 giant cockroaches
  13 goblins
  12 hobgoblins
  2 jackals (D:1)
  A quokka (D:3)
  A ball python (D:3)
  11 bats
  4 giant newts
  14 kobolds
  4 rats
135 creatures vanquished.

Vanquished Creatures (others)
  7 fungi (D:6)
7 creatures vanquished.

Grand Total: 142 creatures vanquished

Notes
Turn   | Place    | Note
--------------------------------------------------------------
     0 | D:1      | Kloppie the Centaur Gladiator began the quest for the Orb.
     0 | D:1      | Reached XP level 1. HP: 17/17 MP: 1/1
   363 | D:1      | Reached XP level 2. HP: 24/24 MP: 2/2
   608 | D:1      | Reached skill level 1 in Armour
   932 | D:1      | Reached XP level 3. HP: 16/30 MP: 3/3
  1280 | D:2      | Found an iron altar of Okawaru.
  1351 | D:2      | Found a snail-covered altar of Cheibriados.
  1371 | D:2      | Became a worshipper of Warmaster Okawaru
  1771 | D:2      | Reached skill level 3 in Fighting
  1817 | D:2      | Gained mutation: You are partially covered in slimy green scales (AC +2). [potion of beneficial mutation]
  1932 | D:3      | Found a glowing silver altar of Zin.
  2359 | D:3      | Reached XP level 4. HP: 30/38 MP: 4/4
  2541 | D:3      | Found a faded altar to an unknown god.
  3012 | D:4      | Reached XP level 5. HP: 18/45 MP: 5/5
  3420 | D:4      | Found Yheryomm's General Store.
  3423 | D:4      | Bought a scroll of remove curse for 36 gold pieces
  3423 | D:4      | Bought a scroll of teleportation for 36 gold pieces
  3423 | D:4      | Bought a potion of heal wounds for 60 gold pieces
  3547 | D:5      | Entered Level 5 of the Dungeon
  3661 | D:5      | Noticed Crazy Yiuf
  3698 | D:5      | Killed Crazy Yiuf
  3832 | D:5      | Reached * piety under Okawaru
  3832 | D:5      | Reached skill level 4 in Fighting
  3832 | D:5      | Reached XP level 6. HP: 39/52 MP: 6/6
  4026 | D:5      | Noticed a phantom
  4092 | D:5      | Killed a phantom
  4324 | D:5      | Noticed Clownie's ghost (novice GrNe)
  4429 | D:6      | Noticed an oklob plant
  4458 | D:6      | Reached XP level 7. HP: 49/60 MP: 7/7
  4474 | D:6      | Noticed Eustachio
  4580 | D:6      | Reached skill level 5 in Fighting
  4837 | D:6      | Reached ** piety under Okawaru
  5088 | D:6      | Reached skill level 5 in Polearms
  5247 | D:6      | Found a blossoming altar of Fedhas.
  5606 | D:6      | Reached XP level 8. HP: 59/70 MP: 8/8
  6030 | D:7      | Found a staircase to the Ecumenical Temple.
  6131 | D:7      | Reached skill level 6 in Fighting
  6134 | D:7      | Got a faintly glowing war axe
  6164 | D:7      | Found a flagged portal.
  6186 | Bailey   | Entered a bailey
  6192 | Bailey   | Noticed an orc knight
  6211 | Bailey   | Identified the cursed +2 war axe of Courage {chop, rElec Str+2} (You found it on level 7 of the Dungeon)
  6220 | Bailey   | Reached *** piety under Okawaru
  6606 | Bailey   | Mangled by an orc warrior

Action                   |  1- 3 |  4- 6 |  7- 9 || total
-------------------------+-------+-------+-------++-------
Melee: Trident           |   178 |   231 |   293 ||   702
Throw: Throwing net      |       |       |     3 ||     3
 Abil: Stop Flying       |       |       |     2 ||     2
       Evoke Flight      |       |       |     2 ||     2
Evoke: Wand              |       |       |     4 ||     4
  Use: Scroll            |     6 |     1 |     6 ||    13
       Potion            |     1 |       |     1 ||     2
 Stab: Held in net/web   |       |       |     2 ||     2
  Eat: Chunk             |     3 |     6 |     5 ||    14
       Beef jerky        |       |       |     1 ||     1
       Pizza             |       |       |     1 ||     1
